 Dungeon Crawl Stone Soup version 0.30-a0-782-ge64f9170bb (webtiles) character file.

Game seed: 11627740143646883032

1565 Crownlay the Trooper (level 9, 0/68 HPs)
             Began as a Djinni Conjurer on Feb 26, 2023.
             Was an Initiate of Gozag.
             Slain by a bullfrog (7 damage)
             ... on level 8 of the Dungeon.
             The game lasted 00:11:24 (5670 turns).

Crownlay the Trooper (Djinni Conjurer)              Turns: 5670, Time: 00:11:24

Health: 0/68       AC:  3    Str:  6    XL:     9   Next: 13%
Gold:   343        EV: 12    Int: 24    God:    Gozag SH:  0 Dex: 12

rFire   + + .      SeeInvis .    c - +3 dagger
rCold   x . .      Faith    .    (no shield)
rNeg    . . .      Spirit   .    a - +0 robe
rPois   ∞          Reflect  .    (no helmet)
rElec   .          Harm     .    u - +0 cloak
rCorr   .          Rampage  .    (no gloves)
Will    .....                    (boots unavailable)
Stlth   ++                       (no amulet)
HPRegen 0.31/turn                (no ring)
MPRegen 0.00/turn                (no ring)

@: flying
A: sickness immunity, fire resistance 2, cold vulnerability 1, float, innate
caster, HP casting, extra vitality 1
a: Renounce Religion, Potion Petition, Call Merchant, Bribe Branch


You were on level 8 of the Dungeon.
You worshipped Gozag.
Gozag was aware of your devotion.
You visited 2 branches of the dungeon, and saw 8 of its levels.

You collected 414 gold pieces.
You paid 71 gold pieces to Gozag.

Inventory:

Hand Weapons
 c - a +3 dagger (weapon)
Armour
 a - a +0 robe (worn)
 o - a +2 kite shield
 u - a +0 cloak (worn)
Wands
 r - a wand of flame (35)
 s - a wand of iceblast (7)
Scrolls
 d - 4 scrolls of immolation
 e - 2 scrolls of amnesia
 j - a scroll of vulnerability
 k - 2 scrolls of teleportation
 n - a scroll of magic mapping {unknown}
 q - 3 scrolls of poison
 t - a scroll of silence {unknown}
Potions
 b - a potion of brilliance
 g - a potion of resistance {unknown}
 h - a potion of attraction {unknown}
 l - a potion of degeneration {unknown}
 m - 2 potions of flight {unknown}
 p - a potion of haste {unknown}


   Skills:
 * Level 7.2 Fighting
 - Level 2.1 Dodging
 - Level 1.5 Stealth
 + Level 4.1 Shields
 * Level 6.1 Spellcasting


You couldn't memorise any spells.
You knew the following spells:

 Your Spells              Type           Power      Damage    Failure   Level
a - Magic Dart            Conj           100%       1d8       1%          1
b - Searing Ray           Conj           72%        2d7       1%          2
c - Dazzling Flash        Conj/Hex       72%        N/A       1%          3
d - Fulminant Prism       Conj/Hex       18%        3d10      6%          4
e - Iskenderun's Mystic   Conj/Tloc      36%        2d9       6%          4
f - Beastly Appendage     Tmut           72%        N/A       1%          1
g - Poisonous Vapours     Pois/Air       72%        N/A       1%          2
h - Spider Form           Tmut/Pois      36%        N/A       1%          3
i - Manifold Assault      Tloc           36%        N/A       6%          4
Your spell library was empty.

Dungeon Overview and Level Annotations

Branches:
Dungeon (6/15)             Temple (1/1) D:4

Altars:
Cheibriados
Dithmenos
Elyvilon
Fedhas
Gozag
Hepliaklqana
Makhleb
Qazlal
Ru
Uskayaw
Wu Jian
Xom
Yredelemnul
Zin
The Shining One

Shops:
D:1 =[   D:2 [

Annotations:
D:5 1 runed translucent door, jazmu's ghost, novice DsHu


Innate Abilities, Weirdness & Mutations

You are immune to sickness and miasma.
You are immune to poison.
Your flesh is very heat resistant. (rF++)
You are vulnerable to cold. (rC-)
You float through the air rather than walking.
You learn spells naturally, not from books.
Your magical power is your life essence.
You have superior vitality. (+4 MHP)


Message History

Your butterfly dies!
Your butterfly disappears in a burst of colours!
The bullfrog barely misses your butterfly.
You swap places.
The bullfrog hits your butterfly.
Your butterfly dies!
Your butterfly disappears in a burst of colours!
The bullfrog closely misses your butterfly.
The air fills with toxic fumes!
As you read the scroll of poison, it crumbles to dust.
Your butterfly is engulfed in poison gas.
Your butterfly is poisoned.
You kill your butterfly!
Your butterfly disappears in a burst of colours!
Your butterfly is poisoned.
Your butterfly is engulfed in poison gas.
Your butterfly is poisoned.
You kill your butterfly!
Your butterfly disappears in a burst of colours!
Your butterfly looks even sicker.
Casting: Searing Ray (safe; 1% risk of failure)
Confirm with . or Enter, or press ? or * to list all spells.
Aiming: Magic Dart (safe; 1% risk of failure)
Press: ? - help, Shift-Dir - straight line, f - bullfrog
Aim: a bullfrog (ally target, 100% to hit)
Okay, then.
You hit the bullfrog.
The bullfrog is lightly wounded.
You kill your butterfly!
Your butterfly disappears in a burst of colours!
Your butterfly is poisoned.
The bullfrog hits you but does no damage.
Your butterfly is engulfed in poison gas.
Your butterfly looks even sicker.
You kill your butterfly!
Your butterfly disappears in a burst of colours!
Your butterfly is poisoned.
The bullfrog hits you!
You die...
Your body crumbles into a pile of gold.

### ..### ....####
.......## .....#..##
....###..## ..###
##..## ######## ###
##..#####@bbbb.###...
#
##§§§§.§Fbbbbb.§..!y
##§§##.b§bb#########
#..####§§### #..#
#### ##..# ## #..##
.## ####..#
..###....##


You could see a bullfrog (ally target).

Vanquished Creatures
  Prince Ribbit (D:5)
  2 hornets
  Menkaure (D:5)
  A sky beast (D:8)
  A centaur (D:4)
  A phantom (D:4)
  A scorpion (D:6)
  A howler monkey (D:5)
  2 gnoll boudas
  2 hounds (D:5)
  A jelly (D:5)
  An iguana (D:4)
  3 orc wizards (D:4)
  5 gnolls
  9 adders
  2 ufetubi
  2 worms (D:2)
  2 dart slugs
  14 orcs
  6 ball pythons
  3 bats
  11 endoplasms
  A giant cockroach (D:2)
  10 hobgoblins
  11 kobolds
  2 quokkas
  12 frilled lizards
  9 goblins
  6 rats
  6 fulminant prisms
129 creatures vanquished.

Vanquished Creatures (others)
  12 fulminant prisms
  4 plants
16 creatures vanquished.

Grand Total: 145 creatures vanquished

Notes
Turn   | Place    | Note
-------+----------+-------------------------------------------
     0 | D:1      | Crownlay the Djinni Conjurer began the quest for the Orb.
     0 | D:1      | Crownlay set off with the following spells memorised: Magic
                  | Dart, Searing Ray, Dazzling Flash, Fulminant Prism,
                  | Iskenderun's Mystic Blast.
     0 | D:1      | Reached XP level 1. HP: 15/15 MP: 0/0
   233 | D:1      | Found Xyhargh's Antique Armour Boutique.
   247 | D:1      | Reached skill level 1 in Fighting
   258 | D:1      | Reached XP level 2. HP: 21/22 MP: 0/0
   640 | D:1      | Found Reutasug's Jewellery Shoppe.
   805 | D:1      | Reached XP level 3. HP: 28/28 MP: 0/0
   805 | D:1      | Learned a level 1 spell: Beastly Appendage
   930 | D:1      | Reached skill level 2 in Fighting
  1323 | D:2      | Reached XP level 4. HP: 31/34 MP: 0/0
  1365 | D:2      | Reached skill level 3 in Fighting
  1479 | D:2      | Found a faded altar of an unknown god.
  1690 | D:2      | Reached XP level 5. HP: 40/40 MP: 0/0
  1690 | D:2      | Learned a level 2 spell: Poisonous Vapours
  1953 | D:2      | Found Widam's Antique Armour Emporium.
  2605 | D:3      | Found a shadowy altar of Dithmenos.
  2834 | D:4      | Noticed a phantom
  3061 | D:4      | Reached skill level 4 in Fighting
  3063 | D:4      | Reached skill level 1 in Shields
  3063 | D:4      | Reached XP level 6. HP: 9/47 MP: 0/0
  3716 | D:4      | Found a staircase to the Ecumenical Temple.
  3722 | D:4      | HP: 1/48 [centaur/arrow (8)]
  3725 | D:4      | Reached XP level 7. HP: 2/53 MP: 0/0
  3725 | D:4      | Learned a level 3 spell: Spider Form
  3910 | Temple   | Entered the Ecumenical Temple
  3979 | Temple   | Became a worshipper of Gozag Ym Sagoz the Greedy
  4169 | D:5      | Entered Level 5 of the Dungeon
  4185 | D:5      | Reached skill level 5 in Fighting
  4241 | D:5      | Noticed Menkaure
  4245 | D:5      | Killed Menkaure
  4366 | D:5      | Found a runed translucent door.
  4380 | D:5      | Noticed jazmu's ghost (novice DsHu)
  4380 | D:5      | Noticed a hornet
  4390 | D:5      | Killed a hornet
  4391 | D:5      | Reached skill level 5 in Spellcasting
  4391 | D:5      | Reached XP level 8. HP: 49/61 MP: 0/0
  4393 | D:5      | Noticed Prince Ribbit
  4407 | D:5      | Killed Prince Ribbit
  4408 | D:5      | Reached skill level 6 in Fighting
  5197 | D:6      | You are sucked into a shaft and drop 2 floors!
  5215 | D:8      | Found a white marble altar of Elyvilon.
  5299 | D:8      | Noticed a hornet
  5308 | D:8      | Killed a hornet
  5309 | D:8      | Reached skill level 7 in Fighting
  5309 | D:8      | Reached XP level 9. HP: 12/68 MP: 0/0
  5309 | D:8      | Learned a level 4 spell: Manifold Assault
  5659 | D:8      | HP: 2/68 [warg (10)]
  5670 | D:8      | Slain by a bullfrog

Illustrated notes

Levels and vault maps discovered:
D:1:      minmay_arrival_four_loops, layout_loops_corners, serial_shops,
          nicolae_shop_statue_plus, nicolae_shop_trees, serial_glass,
          glass_columns_b, glass_columns_a, minmay_heptomino_o4
D:2:      minmay_kobold_bridge, layout_basic,
          hellmonk_ecumenical_altar_arch_garden, serial_shops, shop
D:3:      layout_loops_ring, grunt_dithmenos_smoke_and_mirrors,
          general_overflow_altar, minmay_lizard_king
D:4:      layout_rooms, minmay_temple_entry_junction
D:5:      layout_basic, ebering_ghost_sewer_d, uniq_prince_ribbit1,
          uniq_menkaure
D:6:      layout_gridville, nicolae_ashenzari_panopticon,
          mainiacjoe_overflow_catwalk_spiral, minivault_25,
          serial_park_tiny_pond
D:8:      layout_cave_pods, elyvilon_altar_1, erik_lair_orcish_takeover
Temple:   hellmonk_temple_two_chambers

Skill      XL: |  1  2  3  4  5  6  7  8 |
---------------+-------------------------+-----
Fighting       | 1 2 3 4 5 7 |  7.2
Spellcasting   | 4 5 6 |  6.1
Shields        | 1 2 4 |  4.1
Dodging        | |  2.1
Stealth        | |  1.5

Action                     |  1- 3 |  4- 6 |  7- 9 || total
---------------------------+-------+-------+-------++-------
  Melee: Dagger            |       |     8 |     1 ||     9
   Cast: Magic Dart        |    72 |   129 |    44 ||   245
         Searing Ray       |       |    19 |    14 ||    33
         Fulminant Prism   |       |       |    18 ||    18
  Evoke: Wand              |       |     1 |       ||     1
    Use: Scroll            |       |     4 |     8 ||    12
         Potion            |       |       |     5 ||     5
 Armour: Robe              |     1 |    11 |     2 ||    14
  Dodge: Dodged            |     7 |    24 |    25 ||    56

Table legend: (Time is in decaauts)
 A = Elapsed time spent in this place.
 B = Non-inter-level travel time spent in this place.
 C = Inter-level travel time spent in this place.
 D = Time resting spent in this place.
 E = Time spent auto-exploring this place.
 F = Levels seen in this place.
 G = Mean time per level.
                   A        B        C        D        E       F      G
               +--------+--------+--------+--------+--------+-----+--------+
         Total |   5676 |   5503 |    173 |    180 |   4583 |   8 |  709.5 |
       Dungeon |   5600 |   5432 |    168 |    180 |   4573 |   7 |  800.0 |
        Temple |     75 |     70 |      5 |      0 |     10 |   1 |   75.0 |
               +--------+--------+--------+--------+--------+-----+--------+

Top non-repeatable levels by time:
     D:4: 1112 daAuts
     D:2: 1054 daAuts
     D:1: 1011 daAuts
     D:5: 956 daAuts
     D:3: 914 daAuts
     D:8: 475 daAuts
     D:6: 75 daAuts
  Temple: 75 daAuts
